 Seeded DCSS version 0.28-a0-863-g8cecda6153 (webtiles) character file.

Game seed: 20211012 (custom seed)

25 a11behringer the Chopper (level 3, 0/33 HPs)
             Began as a Hill Orc Cinder Acolyte on Nov 16, 2021.
             Was a High Priest of Ignis.
             Slain by a ball python (1 damage)
             ... on level 1 of the Dungeon.
             The game lasted 00:03:01 (644 turns).

a11behringer the Chopper (Hill Orc Cinder Acolyte)   Turns: 644, Time: 00:03:02

Health: 0/33       AC:  6    Str: 17    XL:     3   Next: 6%
Magic:  4/4        EV:  6    Int: 20    God:    Ignis [*****.]
Gold:   17         SH:  0    Dex:  6    Spells: 4/4 levels left

rFire   + . .      SeeInvis .   a - -1 hand axe (flame)
rCold   . . .      Faith    .   (no shield)
rNeg    . . .      Spirit   .   d - +0 scale mail
rPois   .          Reflect  .   (no helmet)
rElec   .          Harm     .   (no cloak)
rCorr   .          Rampage  .   (no gloves)
Will    .....                   (no boots)
Stlth   ..........              (no amulet)
HPRegen 0.11/turn               e - +6 ring of intelligence
MPRegen 0.09/turn               (no ring)

@: constricted
A: no striking features
a: Renounce Religion, Sea of Fire, Foxfire Swarm, Rising Flame


You were on level 1 of the Dungeon.
You worshipped Ignis.
Ignis was extremely pleased with you.
You visited 1 branch of the dungeon, and saw 1 of its levels.

You collected 17 gold pieces.

Inventory:

Hand Weapons
 a - a -1 hand axe of flaming (weapon)
Armour
 b - a +0 robe
 d - a +0 scale mail (worn)
Jewellery
 e - a +6 ring of intelligence (left hand)
Potions
 c - a potion of lignification {unknown}


   Skills:
 + Level 4.1 Fighting
 + Level 4.9 Axes
 * Level 0.1 Armour
 + Level 1.0 Spellcasting
 + Level 3.4 Fire Magic


You had 4 spell levels left.
You didn't know any spells.
Your spell library contained the following spells:

 Spells                   Type           Power      Damage    Failure   Level
 Scorch                   Fire           28%        2d6       24%         2


Dungeon Overview and Level Annotations

Branches:
Dungeon (1/15)

Altars:


Message History

Flames leap up around you! The bat hits you but does no damage.
The bat barely misses you. The bat hits you but does no damage.
The ball python bites you but does no damage.
The ball python grabs you. The ball python constricts you.
The foxfire hits the hobgoblin.
The hobgoblin is lightly wounded.
The foxfire hits the bat.
You kill the bat!
The foxfire hits the ball python.
You kill the ball python!
The foxfire hits the endoplasm.
The endoplasm is severely wounded.
The foxfire hits the endoplasm.
You kill the endoplasm!
The foxfire hits the hobgoblin.
The hobgoblin is almost dead.
The foxfire hits the hobgoblin.
You kill the hobgoblin!
You have reached level 3!
Your experience leads to an increase in your attributes!
Your base attributes are Str 16, Int 14, Dex 6.
Increase (S)trength, (I)ntelligence, or (D)exterity?
You feel stronger.
Your foxfire dissipates!
A ball python comes into view.
The ball python bites you.
* * * LOW HITPOINT WARNING * * *
The ball python closely misses you.
The ball python bites you but does no damage.
The ball python grabs you. The ball python constricts you.
You escape the ball python's grasp.
You closely miss the ball python. The ball python barely misses you.
The ball python grabs you. The ball python constricts you.
You closely miss the ball python. The ball python bites you.
* * * LOW HITPOINT WARNING * * *
The ball python constricts you.
You completely miss the ball python.
The ball python bites you but does no damage.
The ball python constricts you. The ball python bites you.
You die...

.....##...#####..#..#.#
...
.....##.........gb..#.#..
.#.####..#####.#)#........
.#.# #... #.#.###.##...
.#.#####.. #.#....†.# .
#)).# # #.#####..# ##.#.#
.# #) #..# ...#.###..#
#.#####..# ...#.)....#
#..@SS...# ##+####
##)...##### #####....#
....... ..>..)...#
#......# .......
##.##......# ######.#
....... ...###......#
..#....... ...# ####....#
......... ...# ##....
..##.###. ......# #... ..
#. #..#### #.. #.


You could see 2 ball pythons.

Vanquished Creatures
  A bat (D:1)
  3 endoplasms (D:1)
  A giant cockroach (D:1)
  4 goblins (D:1)
  2 hobgoblins (D:1)
  3 jackals (D:1)
  A quokka (D:1)
  3 ball pythons (D:1)
  A frilled lizard (D:1)
  2 kobolds (D:1)
  A rat (D:1)
22 creatures vanquished.

Vanquished Creatures (others)
  7 foxfires (D:1)
7 creatures vanquished.

Grand Total: 29 creatures vanquished

Notes
Turn   | Place    | Note
-------+----------+-------------------------------------------
     0 | D:1      | a11behringer the Hill Orc Cinder Acolyte began the quest
                  | for the Orb.
     0 | D:1      | Reached XP level 1. HP: 19/19 MP: 2/2
   221 | D:1      | Reached XP level 2. HP: 26/27 MP: 3/3
   225 | D:1      | Found a faded altar of an unknown god.
   634 | D:1      | Reached XP level 3. HP: 5/33 MP: 4/4
   643 | D:1      | HP: 1/33 [ball python (2)]
   644 | D:1      | Slain by a ball python

Illustrated notes

Levels and vault maps discovered:
D:1:      heliophobic_arrival_henge, layout_basic, ebering_ecumenical_altar_box,
          serial_curves, eino_curves_03, eino_curves_02

Skill      XL: |  1  2 |
---------------+-------+-----
Fighting       | 4 |  4.1
Axes           | |  4.9
Armour         | |  0.1
Spellcasting   | |  1.0
Fire Magic     | |  3.4

Action                   || total
-------------------------++-------
Melee: Hand axe          ||    69
Invok: Foxfire Swarm     ||     1
Armor: Robe              ||     7
       Scale mail        ||    29
Dodge: Dodged            ||    36

Table legend: (Time is in decaauts)
 A = Elapsed time spent in this place.
 B = Non-inter-level travel time spent in this place.
 C = Inter-level travel time spent in this place.
 D = Time resting spent in this place.
 E = Time spent auto-exploring this place.
 F = Levels seen in this place.
 G = Mean time per level.
                   A        B        C        D        E       F      G
               +--------+--------+--------+--------+--------+-----+--------+
         Total |    648 |    593 |     55 |      0 |    438 |   1 |  648.0 |
       Dungeon |    648 |    593 |     55 |      0 |    438 |   1 |  648.0 |
               +--------+--------+--------+--------+--------+-----+--------+

Top non-repeatable levels by time:
     D:1: 648 daAuts
